EL
BIRMINGHAM BARONS @ PORTLAND SEA DOGS
09/04/2047
 
TOP OF THE 1ST
Birmingham Barons batting - Pitching for Portland Sea Dogs : RHP Chris Cory
Pitching: RHP Chris Cory
Batting: RHB Ron Johansen 0-0: Ball
1-0: Ball
2-0: SINGLE (Groundball, 56D, EV 101.9 MPH)
Batting: LHB Joe Kirkland 0-0: Ball
1-0: Swinging Strike
Balk!
Ron Johansen to second
1-1: Called Strike
1-2: Ball
2-2: Foul Ball, location: 2F
2-2: Foul Ball, location: 2F
2-2: Strikes out swinging
Batting: LHB Jason Bell 0-0: Ball
1-0: DOUBLE (Line Drive, 5D, EV 96.2 MPH)
Ron Johansen scores
Batting: RHB Fletcher Easter 0-0: Ground out 6-3 (Groundball, 6, EV 80.0 MPH)
Batting: RHB Mike Savage 0-0: Called Strike
0-1: Ball
1-1: Swinging Strike
1-2: Ball
2-2: Strikes out swinging
Top of the 1st over - 1 run, 2 hits, 0 errors, 1 left on base; Birmingham 1 - Portland 0
BOTTOM OF THE 1ST
Portland Sea Dogs batting - Pitching for Birmingham Barons : RHP Mario Napoles
Pitching: RHP Mario Napoles
Batting: RHB Sal Rivera 0-0: Ball
1-0: SINGLE (Line Drive, 78S, EV 96.2 MPH)
Batting: RHB Andy Garvin 0-0: Called Strike
0-1: Foul Ball, location: 2F
0-2: Strikes out swinging
Batting: RHB Roberto Morales 0-0: Called Strike
0-1: Hit by Pitch
Sal Rivera to second
Batting: LHB Frank Olivo 0-0: Called Strike
Sal Rivera steals 3rd base
Roberto Morales to second
0-1: Foul Ball, location: 2F
0-2: Foul Ball, location: 2F
0-2: Ball
1-2: 3-RUN HOME RUN (Flyball, 89XD, EV 111.2 MPH), Distance : 405 ft
Batting: RHB Carlos Nolasco 0-0: Ball
1-0: Foul Ball, location: 2F
1-1: Ground out 5-3 (Groundball, 56, EV 86.2 MPH)
Batting: LHB Julian Toney 0-0: Called Strike
0-1: Foul Ball, location: 2F
0-2: Foul Ball, location: 2F
0-2: Ball
1-2: Strikes out swinging
Bottom of the 1st over - 3 runs, 2 hits, 0 errors, 0 left on base; Birmingham 1 - Portland 3
TOP OF THE 2ND
Birmingham Barons batting - Pitching for Portland Sea Dogs : RHP Chris Cory
Batting: RHB Matt McDevitt 0-0: Ball
1-0: Foul Ball, location: 2F
1-1: Ball
2-1: Ground out 4-3 (Groundball, 4S, EV 89.4 MPH)
Batting: RHB Skyler Goss 0-0: Called Strike
0-1: Fly out, F9 (Flyball, 9S, EV 88.1 MPH)
Batting: SHB Matt Childers 0-0: Foul Ball, location: 2F
0-1: Ball
1-1: Called Strike
1-2: Fly out, F9 (Flyball, 9, EV 97.5 MPH)
Top of the 2nd over - 0 runs, 0 hits, 0 errors, 0 left on base; Birmingham 1 - Portland 3
BOTTOM OF THE 2ND
Portland Sea Dogs batting - Pitching for Birmingham Barons : RHP Mario Napoles
Batting: RHB Frank Sokolosky 0-0: Ball
1-0: Ball
2-0: Called Strike
2-1: Ball
3-1: SINGLE (Groundball, 6D, EV 102.5 MPH)
Batting: RHB Josh Helman 0-0: Called Strike
0-1: Ball
1-1: Foul Ball, location: 2F
1-2: 2-RUN HOME RUN (Flyball, 89XD, EV 102.5 MPH), Distance : 400 ft
Batting: RHB Nick Cottrell 0-0: Ground out 3-1 (Groundball, 34, EV 105.6 MPH)
Batting: RHB Sal Rivera 0-0: Swinging Strike
0-1: Ball
1-1: Ball
2-1: Ball
3-1: Swinging Strike
3-2: Foul Ball, location: 2F
3-2: Base on Balls
Batting: RHB Andy Garvin 0-0: Grounds into double play, 4-6-3 (Groundball, 4, EV 79.4 MPH)
Bottom of the 2nd over - 2 runs, 2 hits, 0 errors, 0 left on base; Birmingham 1 - Portland 5
TOP OF THE 3RD
Birmingham Barons batting - Pitching for Portland Sea Dogs : RHP Chris Cory
Batting: RHB John Iddings 0-0: Fly out, F4 (Line Drive, 4, EV 73.1 MPH)
Batting: RHB Ron Johansen 0-0: Fly out, F9 (Line Drive, 89M, EV 96.2 MPH)
Batting: LHB Joe Kirkland 0-0: Ball
1-0: Foul Ball, location: 2F
1-1: Ball
2-1: Ball
3-1: Fly out, F8 (Line Drive, 8RM, EV 94.4 MPH)
Top of the 3rd over - 0 runs, 0 hits, 0 errors, 0 left on base; Birmingham 1 - Portland 5
BOTTOM OF THE 3RD
Portland Sea Dogs batting - Pitching for Birmingham Barons : RHP Mario Napoles
Batting: RHB Roberto Morales 0-0: Foul Ball, location: 2F
0-1: SINGLE (Line Drive, 9LS, EV 111.9 MPH)
Batting: LHB Frank Olivo 0-0: Called Strike
0-1: Ball
1-1: SINGLE (Groundball, 4MD, EV 96.9 MPH)
Roberto Morales to second
Runner from 2nd tries for 3rd, SAFE, throw by CF made to third
Pitching: RHP Freddy Barahona
Batting: RHB Carlos Nolasco 0-0: Ball
1-0: Ball
2-0: Ball
3-0: Base on Balls
Frank Olivo to second
Batting: LHB Julian Toney 0-0: Ball
1-0: Ball
2-0: Fly out, F7 (Flyball, 78M, EV 93.1 MPH)
Batting: RHB Frank Sokolosky 0-0: Swinging Strike
0-1: Foul Ball, location: 2F
0-2: Ball
1-2: Foul Ball, location: 2F
1-2: Ball
2-2: Strikes out swinging
Batting: RHB Josh Helman 0-0: Fielders Choice at 2nd, 6-4 (Groundball, 56, EV 85.0 MPH)
Bottom of the 3rd over - 0 runs, 2 hits, 0 errors, 3 left on base; Birmingham 1 - Portland 5
TOP OF THE 4TH
Birmingham Barons batting - Pitching for Portland Sea Dogs : RHP Chris Cory
Batting: LHB Jason Bell 0-0: Called Strike
0-1: Ball
1-1: Ball
2-1: Ball
3-1: Fly out, F8 (Flyball, 78S, EV 87.5 MPH)
Batting: RHB Fletcher Easter 0-0: Fly out, F2 (Popup, 2LF, EV 88.8 MPH)
Batting: RHB Mike Savage 0-0: Foul Ball, location: 2F
0-1: Ball
1-1: Foul Ball, location: 2F
1-2: Ball
2-2: Ball
3-2: Base on Balls
Batting: RHB Matt McDevitt 0-0: Called Strike
Mike Savage is caught stealing 2nd base 2-4
Top of the 4th over - 0 runs, 0 hits, 0 errors, 0 left on base; Birmingham 1 - Portland 5
BOTTOM OF THE 4TH
Portland Sea Dogs batting - Pitching for Birmingham Barons : RHP Freddy Barahona
Batting: RHB Nick Cottrell 0-0: Called Strike
0-1: Ball
1-1: Ground out 4-3 (Groundball, 4, EV 101.9 MPH)
Batting: RHB Sal Rivera 0-0: Ball
1-0: Swinging Strike
1-1: Ball
2-1: Ball
3-1: Base on Balls
Batting: RHB Andy Garvin 0-0: Called Strike
0-1: Swinging Strike
0-2: Ball
1-2: Ball
2-2: Ball
3-2: Ground out 5-3 (Groundball, 56S, EV 77.5 MPH)
Sal Rivera to second
Batting: RHB Roberto Morales 0-0: Ball
1-0: Ball
2-0: Called Strike
2-1: Called Strike
2-2: Ball
3-2: Foul Ball, location: 2F
3-2: Foul Ball, location: 2F
3-2: Base on Balls
Batting: LHB Frank Olivo 0-0: Foul Ball, location: 2F
0-1: Ball
1-1: Fly out, F8 (Line Drive, 8RD, EV 92.5 MPH)
Bottom of the 4th over - 0 runs, 0 hits, 0 errors, 2 left on base; Birmingham 1 - Portland 5
TOP OF THE 5TH
Birmingham Barons batting - Pitching for Portland Sea Dogs : RHP Chris Cory
Batting: RHB Matt McDevitt 0-0: Called Strike
0-1: Foul Ball, location: 2F
0-2: Ball
1-2: Fly out, F7 (Flyball, 7D, EV 105.6 MPH)
Batting: RHB Skyler Goss 0-0: Called Strike
0-1: Foul Ball, location: 2F
0-2: SINGLE (Groundball, 4MD, EV 82.5 MPH) (infield hit)
Batting: SHB Matt Childers 0-0: Called Strike
0-1: Foul Ball, location: 2F
0-2: Foul Ball, location: 2F
0-2: Foul Ball, location: 2F
0-2: Ball
1-2: Ball
2-2: Strikes out looking
Batting: RHB John Iddings 0-0: Ball
1-0: Swinging Strike
1-1: Swinging Strike
1-2: Ball
2-2: Strikes out swinging
Top of the 5th over - 0 runs, 1 hit, 0 errors, 1 left on base; Birmingham 1 - Portland 5
BOTTOM OF THE 5TH
Portland Sea Dogs batting - Pitching for Birmingham Barons : RHP Freddy Barahona
Batting: RHB Carlos Nolasco 0-0: Reached on error, E5 (Groundball, 56S, EV 83.8 MPH)
Batting: LHB Julian Toney 0-0: Called Strike
0-1: Ball
1-1: Swinging Strike
1-2: Foul Ball, location: 2F
1-2: Ball
2-2: SINGLE (Line Drive, 6M, EV 98.8 MPH)
Carlos Nolasco to second
Batting: RHB Frank Sokolosky 0-0: Ball
1-0: Foul Ball, location: 2F
1-1: Called Strike
1-2: Foul Ball, location: 2F
1-2: Grounds into double play, 4-6-3 (Groundball, 4, EV 86.9 MPH)
Carlos Nolasco to third
Batting: RHB Josh Helman 0-0: Ball
1-0: Called Strike
1-1: SINGLE (Groundball, 56D, EV 97.5 MPH)
Carlos Nolasco scores
Batting: RHB Nick Cottrell 0-0: Ball
1-0: Foul Ball, location: 2F
1-1: Ball
2-1: SINGLE (Groundball, 56D, EV 96.9 MPH)
Josh Helman to second
Batting: RHB Sal Rivera 0-0: DOUBLE (Flyball, 78D, EV 108.8 MPH)
Josh Helman scores
Nick Cottrell to third
Runner from 3rd tries for Home, SAFE, throw by CF to trailing runner, SAFE at third!
Batting: RHB Andy Garvin 0-0: Ball
1-0: Fly out, F9 (Flyball, 9LD, EV 86.9 MPH)
Bottom of the 5th over - 3 runs, 4 hits, 1 error, 1 left on base; Birmingham 1 - Portland 8
TOP OF THE 6TH
Birmingham Barons batting - Pitching for Portland Sea Dogs : RHP Chris Cory
Batting: RHB Ron Johansen 0-0: Called Strike
0-1: Swinging Strike
0-2: Ball
1-2: Ball
2-2: Hit by Pitch
Batting: LHB Joe Kirkland 0-0: Swinging Strike
0-1: Reaches on Catchers interference
Ron Johansen to second
Batting: LHB Jason Bell 0-0: Swinging Strike
0-1: Swinging Strike
0-2: Ball
1-2: Grounds into double play, 4-6-3 (Groundball, 4, EV 104.4 MPH)
Ron Johansen to third
Batting: RHB Fletcher Easter 0-0: Ball
1-0: Foul Ball, location: 2F
1-1: Called Strike
1-2: Ball
2-2: Strikes out swinging
Top of the 6th over - 0 runs, 0 hits, 1 error, 1 left on base; Birmingham 1 - Portland 8
BOTTOM OF THE 6TH
Portland Sea Dogs batting - Pitching for Birmingham Barons : RHP Freddy Barahona
Batting: RHB Roberto Morales 0-0: Ground out 6-3 (Groundball, 6, EV 88.1 MPH)
Batting: LHB Frank Olivo 0-0: Ball
1-0: Ball
2-0: SOLO HOME RUN (Flyball, 7D, EV 100.0 MPH), Distance : 398 ft
Batting: RHB Carlos Nolasco 0-0: Ball
1-0: Ball
2-0: SINGLE (Groundball, 6MD, EV 95.0 MPH)
Pitching: LHP Jimmy Ford
Batting: LHB Julian Toney 0-0: Fly out, F8 (Flyball, 8RD, EV 92.5 MPH)
Batting: RHB Frank Sokolosky 0-0: Foul Ball, location: 2F
0-1: Ball
1-1: Ball
2-1: Ground out 4-3 (Groundball, 4S, EV 86.2 MPH)
Bottom of the 6th over - 1 run, 2 hits, 0 errors, 1 left on base; Birmingham 1 - Portland 9
TOP OF THE 7TH
Birmingham Barons batting - Pitching for Portland Sea Dogs : RHP Chris Cory
Batting: RHB Mike Savage 0-0: Ball
1-0: Fly out, F7 (Flyball, 7D, EV 92.5 MPH)
Batting: RHB Matt McDevitt 0-0: Foul Ball, location: 2F
0-1: Foul Ball, location: 2F
0-2: Foul Ball, location: 2F
0-2: Ball
1-2: Ball
2-2: Foul Ball, location: 2F
2-2: Ground out 1-3 (Groundball, 15S, EV 69.4 MPH)
Batting: RHB Skyler Goss 0-0: Foul Ball, location: 2F
0-1: Ground out 6-3 (Groundball, 6, EV 79.4 MPH)
Top of the 7th over - 0 runs, 0 hits, 0 errors, 0 left on base; Birmingham 1 - Portland 9
BOTTOM OF THE 7TH
Portland Sea Dogs batting - Pitching for Birmingham Barons : LHP Jimmy Ford
Batting: RHB Josh Helman 0-0: Foul Ball, location: 2F
0-1: Foul Ball, location: 2F
0-2: Foul Ball, location: 2F
0-2: Ground out 5-3 (Groundball, 56S, EV 85.0 MPH)
Batting: RHB Nick Cottrell 0-0: Ball
1-0: Foul Ball, location: 2F
1-1: Foul Ball, location: 2F
1-2: Strikes out swinging
Pinch Hitting: RHB Zi-jing Wang 0-0: Ball
1-0: Ball
2-0: Called Strike
2-1: Called Strike
2-2: Ground out 6-3 (Groundball, 6, EV 96.2 MPH)
Bottom of the 7th over - 0 runs, 0 hits, 0 errors, 0 left on base; Birmingham 1 - Portland 9
TOP OF THE 8TH
Birmingham Barons batting - Pitching for Portland Sea Dogs : RHP Chris Cory
Pitching: RHP Elliot Monroe
Now in CF: Zi-jing Wang
Batting: SHB Matt Childers 0-0: Called Strike
0-1: Called Strike
0-2: Strikes out swinging, 2-3 out at first.
Batting: RHB John Iddings 0-0: SINGLE (Line Drive, 78S, EV 90.0 MPH)
Batting: RHB Ron Johansen 0-0: Ball
1-0: Foul Ball, location: 2F
1-1: Ball
2-1: Swinging Strike
2-2: Ball
3-2: Fielders Choice at 2nd, 3-6 (Groundball, 34, EV 85.0 MPH)
Batting: LHB Joe Kirkland 0-0: Swinging Strike
0-1: Ball
1-1: Ball
2-1: DOUBLE (Flyball, 78XD, EV 91.9 MPH)
Ron Johansen to third
Runner from 3rd tries for Home, SAFE, no throw by CF
Batting: LHB Jason Bell 0-0: Foul Ball, location: 2F
0-1: Foul Ball, location: 2F
0-2: Ball
1-2: Foul Ball, location: 2F
1-2: Foul Ball, location: 2F
1-2: Strikes out swinging
Top of the 8th over - 1 run, 2 hits, 0 errors, 1 left on base; Birmingham 2 - Portland 9
BOTTOM OF THE 8TH
Portland Sea Dogs batting - Pitching for Birmingham Barons : LHP Jimmy Ford
Batting: RHB Andy Garvin 0-0: Foul Ball, location: 2F
0-1: Ground out 6-3 (Groundball, 56D, EV 86.2 MPH)
Batting: RHB Roberto Morales 0-0: Ball
1-0: Called Strike
1-1: Foul Ball, location: 2F
1-2: Ball
2-2: Foul Ball, location: 2F
2-2: Foul Ball, location: 2F
2-2: Fly out, F9 (Flyball, 9D, EV 86.9 MPH)
Batting: LHB Frank Olivo 0-0: SINGLE (Flyball, 3D, EV 88.1 MPH)
Batting: RHB Carlos Nolasco 0-0: Ball
1-0: Called Strike
1-1: Ball
2-1: Foul Ball, location: 2F
2-2: SINGLE (Flyball, 5D, EV 88.8 MPH)
Frank Olivo to second
Batting: LHB Julian Toney 0-0: Swinging Strike
0-1: Ball
1-1: Ground out 2-3 (Groundball, 2R, EV 71.9 MPH)
Bottom of the 8th over - 0 runs, 2 hits, 0 errors, 2 left on base; Birmingham 2 - Portland 9
TOP OF THE 9TH
Birmingham Barons batting - Pitching for Portland Sea Dogs : RHP Elliot Monroe
Pinch Hitting: SHB Josh Conner 0-0: Ground out 5-3 (Groundball, 56S, EV 70.0 MPH)
Pitching: RHP Riley Pooley
Batting: RHB Mike Savage 0-0: Ball
1-0: Foul Ball, location: 2F
1-1: Ground out U3 (Groundball, 34S, EV 88.8 MPH)
Batting: RHB Matt McDevitt 0-0: Called Strike
0-1: Ball
1-1: Fly out, F8 (Flyball, 8RM, EV 86.9 MPH)
Top of the 9th over - 0 runs, 0 hits, 0 errors, 0 left on base; Birmingham 2 - Portland 9
Thursday, December 15th , 2022 - OOTP Baseball 23.9 Build 102